[Event "DVM U14 2021"]
[Site "Willingen"]
[Date "2022.08.15"]
[Round "6"]
[White "Yue, Qihang"]
[Black "Finck, Jonathan"]
[Result "0-1"]
[ECO "D51"]
[WhiteElo "1401"]
[BlackElo "1424"]
[Annotator "NA RC"]
[PlyCount "116"]
[EventDate "2022.08.12"]
[EventType "team-tourn"]
[EventRounds "7"]
[EventCountry "GER"]
[SourceTitle "playchess.com"]
[Source "ChessBase"]
[SourceQuality "1"]
[TimeControl "40/5400+30:1800+30"]

1. d4 d5 2. c4 e6 3. Nc3 Nf6 4. cxd5 exd5 5. Bg5 Nbd7 6. e3 Bb4 7. Bd3 O-O 8. Qc2 h6 9. Bf4 b6 10. Nf3 Re8 11. a3 Bf8 12. h3 a6 13. g4 c5 14. g5 Nh5 15. Nxd5 Nxf4 16. Nxf4 Bb7 17. Bh7+ Kh8 18. Nh4 Bxh1 19. g6 Qxh4 20. gxf7 Qxf4 21. fxe8=Q Rxe8 22. O-O-O Be4 23. exf4 Bxc2 24. Bxc2 cxd4 25. Rxd4 Nc5 26. b4 Ne6 27. Re4 Nc7 28. Re3 Bd6 29. Rxe8+ Nxe8 30. f5 Kg8 31. Kb2 Kf7 32. Bd3 a5 33. bxa5 bxa5 34. a4 Bb4 35. Bc4+ Kf6 36. Kc2 Nd6 37. Bf1 Kxf5 38. Kd3 Bc5 39. f3 Kf4 40. h4 Kxf3 41. h5 Kf4 42. Be2 Nf5 43. Kc4 Bb4 44. Kd5 Ng3 45. Bd1 Kg5 46. Ke5 Nxh5 47. Bxh5 Kxh5 48. Kf4 g5+ 49. Kg3 Kg6 50. Kh2 Kf5 51. Kh1 Kf4 52. Kh2 Kf3 53. Kg1 g4 54. Kf1 g3 55. Kg1 Bc5+ 56. Kh1 g2+ 57. Kh2 g1=Q+ 58. Kh3 Qh1# 0-1

[Event "DVM U14 2021"]
[Site "Willingen"]
[Date "2022.08.15"]
[Round "6"]
[White "Tran, Anh Duc Kevin"]
[Black "Vesszö, Aaron"]
[Result "1-0"]
[ECO "C01"]
[WhiteElo "1398"]
[BlackElo "1306"]
[Annotator "NA RC"]
[PlyCount "65"]
[EventDate "2022.08.12"]
[EventType "team-tourn"]
[EventRounds "7"]
[EventCountry "GER"]
[SourceTitle "playchess.com"]
[Source "ChessBase"]
[SourceQuality "1"]
[TimeControl "40/5400+30:1800+30"]

1. e4 e6 2. d4 d5 3. exd5 exd5 4. Nf3 Bd6 5. c4 c6 6. Nc3 Ne7 7. Bd3 O-O 8. O-O f6 9. Qc2 g6 10. Re1 Bf5 11. Bxf5 Nxf5 12. cxd5 cxd5 13. Qb3 Ne7 14. Qxb7 Nbc6 15. Qb3 Rb8 16. Qd1 Nf5 17. b3 Bb4 18. Bb2 Qa5 19. Qd2 Qb6 20. Rad1 Rfe8 21. Rxe8+ Rxe8 22. h3 Ncxd4 23. Nxd4 Nxd4 24. Qxd4 Re1+ 25. Kh2 Qxd4 26. Rxd4 Bd6+ 27. g3 Be5 28. Rxd5 Bxc3 29. Bxc3 Re2 30. Rd2 Rxd2 31. Bxd2 a6 32. b4 f5 33. a4 1-0

[Event "DVM U14 2021"]
[Site "Willingen"]
[Date "2022.08.15"]
[Round "6"]
[White "Leonard, Etienne Peter"]
[Black "Blankenburg, Philipp"]
[Result "1-0"]
[ECO "E00"]
[WhiteElo "1373"]
[BlackElo "1148"]
[Annotator "NA RC"]
[PlyCount "51"]
[EventDate "2022.08.12"]
[EventType "team-tourn"]
[EventRounds "7"]
[EventCountry "GER"]
[SourceTitle "playchess.com"]
[Source "ChessBase"]
[SourceQuality "1"]
[TimeControl "40/5400+30:1800+30"]

1. d4 Nf6 2. c4 e6 3. g3 b6 4. Bg2 Nc6 5. Nf3 Bb7 6. O-O d5 7. cxd5 exd5 8. Nc3 Bd6 9. Re1 O-O 10. e4 dxe4 11. Nxe4 Re8 12. Nxf6+ Qxf6 13. Bg5 Qg6 14. Qd2 Bb4 15. Rxe8+ Rxe8 16. Qd1 Ne7 17. Bxe7 Rxe7 18. Ne5 Qe6 19. Bxb7 f6 20. Nd3 Ba5 21. Nf4 Qc4 22. Bd5+ Qxd5 23. Nxd5 Re1+ 24. Qxe1 Bxe1 25. Rxe1 Kf7 26. Re7+ 1-0

[Event "DVM U14 2021"]
[Site "Willingen"]
[Date "2022.08.15"]
[Round "6"]
[White "Klein, Maxim"]
[Black "Römer, Uri"]
[Result "0-1"]
[ECO "D35"]
[WhiteElo "1323"]
[BlackElo "1485"]
[Annotator "NA RC"]
[PlyCount "64"]
[EventDate "2022.08.12"]
[EventType "team-tourn"]
[EventRounds "7"]
[EventCountry "GER"]
[SourceTitle "playchess.com"]
[Source "ChessBase"]
[SourceQuality "1"]
[TimeControl "40/5400+30:1800+30"]

1. d4 d5 2. c4 e6 3. Nc3 c5 4. e3 Nf6 5. Bd3 a6 6. cxd5 exd5 7. Nge2 Nc6 8. a3 Bg4 9. Qc2 Qd7 10. h3 c4 11. hxg4 cxd3 12. Qxd3 Qxg4 13. Nf4 Bd6 14. Ncxd5 Nxd5 15. Nxd5 Qxg2 16. Rh5 g6 17. Nf6+ Ke7 18. Rd5 Kxf6 19. Rxd6+ Ke7 20. Rxc6 Qxc6 21. e4 Rac8 22. Bg5+ f6 23. Bh4 g5 24. Bg3 Qc2 25. Qxc2 Rxc2 26. Rb1 h5 27. d5 h4 28. Bh2 Kd7 29. Bg1 g4 30. Kd1 Rhc8 31. f4 gxf3 32. Ke1 h3 0-1

[Event "DVM U14 2021"]
[Site "Willingen"]
[Date "2022.08.15"]
[Round "6"]
[White "Menne, Lukas"]
[Black "Borgert, Alexander"]
[Result "1/2-1/2"]
[ECO "D02"]
[WhiteElo "1190"]
[BlackElo "1477"]
[Annotator "NA RC"]
[PlyCount "117"]
[EventDate "2022.08.12"]
[EventType "team-tourn"]
[EventRounds "7"]
[EventCountry "GER"]
[SourceTitle "playchess.com"]
[Source "ChessBase"]
[SourceQuality "1"]
[TimeControl "40/5400+30:1800+30"]

1. d4 d5 2. Bf4 Nf6 3. Nf3 c5 4. e3 Qb6 5. Qc1 Nc6 6. c3 c4 7. Be2 Bf5 8. O-O Qd8 9. Nbd2 e6 10. Ne5 Nxe5 11. dxe5 Nd7 12. Nf3 Bg4 13. Nd4 Bxe2 14. Nxe2 g5 15. Bg3 h5 16. h3 g4 17. Nf4 h4 18. Bh2 Qg5 19. hxg4 Qxg4 20. f3 Qf5 21. Qb1 Qxb1 22. Raxb1 Nxe5 23. Nxe6 Nxf3+ 24. Rxf3 fxe6 25. Rbf1 Bc5 26. Kf2 O-O-O 27. Ke2 Rhg8 28. g3 hxg3 29. Bxg3 Rdf8 30. Rxf8+ Rxf8 31. Rxf8+ Bxf8 32. Be5 Kd7 33. Bd4 Kc7 34. Bxa7 b6 35. Bxb6+ Kxb6 36. e4 Bh6 37. exd5 exd5 38. Kd1 Kb5 39. Kc2 Bg7 40. b3 Ka5 41. Kd2 Bh6+ 42. Kc2 Be3 43. Kd1 d4 44. cxd4 c3 45. d5 Kb5 46. d6 Kc6 47. Kc2 Bd4 48. d7 Kxd7 49. b4 Kc6 50. a4 Kb6 51. Kb3 Kc6 52. Kc2 Kd5 53. Kd3 Be5 54. a5 Kc6 55. a6 Kb6 56. b5 Bd4 57. Kc2 Kxb5 58. a7 Bxa7 59. Kxc3 1/2-1/2

[Event "DVM U14 2021"]
[Site "Willingen"]
[Date "2022.08.15"]
[Round "6"]
[White "Dickel, Karl-Joachim"]
[Black "Jones, Richard S."]
[Result "1/2-1/2"]
[ECO "C50"]
[WhiteElo "1178"]
[BlackElo "2394"]
[Annotator "TA"]
[PlyCount "54"]
[EventDate "2022.08.12"]
[EventType "team-tourn"]
[EventRounds "7"]
[EventCountry "GER"]
[SourceTitle "playchess.com"]
[Source "ChessBase"]
[SourceQuality "1"]
[TimeControl "40/5400+30:1800+30"]

1. e4 e5 2. Nf3 Nc6 3. Bc4 Bc5 4. Nc3 d6 5. h3 Nf6 6. d3 h6 7. O-O {[%emt 0:00:20] The old main line.} O-O 8. Nd5 Na5 {[%emt 0:02:38] C50: Hungarian Defence and Giuoco Pianissimo.} 9. a3 ({Better is} 9. b4 $11 Nxd5 10. bxc5) 9... Nxc4 $15 {[%emt 0:00:37] [#]} 10. Nxf6+ $146 ({Predecessor:} 10. dxc4 a6 11. b4 Ba7 12. Nxf6+ Qxf6 13. Qd3 Qg6 14. Nh2 f5 15. Be3 fxe4 16. Qd5+ {0-1 (25) Borda Rodas,A-Ojeda Labayru,D (1359) Buenos Aires 2015}) 10... Qxf6 {[%emt 0:00:10] Black is slightly better.} 11. dxc4 a6 12. Re1 {[%emt 0:00:30] [#]} ({White should try} 12. Qd3 $15) 12... Be6 (12... Qg6 $1 $17 {...Bxh3 is the strong threat.} 13. b4 Ba7) 13. b3 (13. Qd3 $15) 13... Rad8 (13... Qg6 $17 {Strongly threatening ...Bxh3.} 14. g4 h5) 14. Be3 $11 Bxe3 15. Rxe3 Qe7 16. Rd3 f5 17. Qe1 Kh8 {[%emt 0:01:04] White must now prevent ...fxe4.} 18. Nd2 fxe4 19. Nxe4 Bf5 {[%emt 0:03:52] The position is equal.} 20. f3 c6 {[%emt 0:03:18] [#] Threatens to win with ...d5.} 21. Qb4 Bxe4 22. fxe4 c5 23. Qd2 Rf7 24. c3 (24. Rd1 $5 ) 24... Rf6 25. Rd1 Qf7 26. Qe3 Rd7 27. Qe2 Qf8 {[%emt 0:01:57] Weighted Error Value: White=0.24 (precise) /Black=0.22 (precise)} 1/2-1/2

[Event "DVM U14 2021"]
[Site "Willingen"]
[Date "2022.08.15"]
[Round "6"]
[White "Sun, Christopher"]
[Black "Sökler, Jakob"]
[Result "0-1"]
[ECO "D02"]
[WhiteElo "1091"]
[BlackElo "1571"]
[Annotator "NA RC"]
[PlyCount "91"]
[EventDate "2022.08.12"]
[EventType "team-tourn"]
[EventRounds "7"]
[EventCountry "GER"]
[SourceTitle "playchess.com"]
[Source "ChessBase"]
[SourceQuality "1"]
[TimeControl "40/5400+30:1800+30"]

1. d4 d5 2. Nf3 e6 3. g3 c6 4. Bg2 Nf6 5. O-O Nbd7 6. b3 Be7 7. Bb2 O-O 8. Nbd2 Ne4 9. Nxe4 dxe4 10. Ne5 f5 11. e3 Rf6 12. c4 Rh6 13. c5 Qe8 14. f4 exf3 15. Bxf3 Nxe5 16. dxe5 Bxc5 17. Bd4 Bxd4 18. exd4 g5 19. Qd2 Qg6 20. Rae1 g4 21. Bd1 Bd7 22. Qb4 b6 23. Qd6 Qe8 24. Rxf5 exf5 25. Qxh6 Qe6 26. Qg5+ Kh8 27. Qf6+ Qxf6 28. exf6 Re8 29. Rxe8+ Bxe8 30. b4 Kg8 31. Bb3+ Bf7 32. Bxf7+ Kxf7 33. Kf2 Kxf6 34. Ke3 Ke6 35. Kd2 Kd5 36. Kc3 b5 37. Kd3 a6 38. a3 h6 39. Ke3 Ke6 40. Kf4 Kf6 41. Ke3 Kg5 42. Kf2 f4 43. gxf4+ Kxf4 44. Kg2 h5 45. Kf2 h4 46. Kg2 0-1

[Event "DVM U14 2021"]
[Site "Willingen"]
[Date "2022.08.16"]
[Round "7"]
[White "Sidletskyi, Ivan"]
[Black "Isbilir, Levin"]
[Result "1-0"]
[ECO "B35"]
[WhiteElo "2075"]
[BlackElo "1629"]
[Annotator "TA"]
[PlyCount "93"]
[EventDate "2022.08.12"]
[EventType "team-tourn"]
[EventRounds "7"]
[EventCountry "GER"]
[SourceTitle "playchess.com"]
[Source "ChessBase"]
[SourceQuality "1"]
[TimeControl "40/5400+30:1800+30"]

1. e4 c5 2. Nf3 Nc6 3. Nc3 g6 4. d4 cxd4 5. Nxd4 Bg7 6. Be3 Nf6 7. Bc4 O-O 8. Bb3 a5 9. O-O d6 10. f3 Bd7 {[%emt 0:02:36] B35: Sicilian: Accelerated Dragon with 5 Nc3: main line.} (10... Nxd4 $1 $11 {remains equal.} 11. Bxd4 (11. Qxd4 Ng4 $15) 11... Be6) 11. Ndb5 $1 $16 Ne5 {[%emt 0:01:43][%cal Oa5a4] ...a4! is the strong threat.} 12. Qe2 {[%emt 0:10:04] was the old line (12.a4).} Bxb5 {[%emt 0:01:02] White is slightly better.} 13. Qxb5 Qd7 14. a4 {[%emt 0:01:05][%cal Ba2a4,Ba4b5][%mdl 32] [#]} Qxb5 $146 ({Predecessor:} 14... Rfc8 15. Qe2 Qc6 16. Nb5 Ned7 17. c3 Nc5 18. Bc2 Ne8 19. Nd4 Qa6 20. Qd2 b6 {½-½ (29) Wen,Y (2508)-Nguyen,V (2422) Al Ain 2008}) 15. axb5 Ned7 (15... Rfc8 $14) 16. Rfd1 Rfc8 {[%emt 0:02:37] [#]} 17. Na4 $1 Ne8 18. f4 Nc7 19. e5 Nxb5 20. c4 (20. e6 $16 Nc5 21. Bxc5 (21. exf7+ Kf8 $16) 21... dxc5 22. exf7+ Kf8 23. Be6) 20... Na7 {[%emt 0:01:13] [#]} ({Black should play} 20... Nc7 $14) 21. exd6 (21. c5 $1 $16 Nxc5 22. Bxc5 dxc5 23. Nb6) 21... e6 $2 (21... Re8 $14) 22. c5 (22. Nb6 $18 Nxb6 23. Bxb6) 22... Nc6 23. Rac1 Rd8 24. g4 Kh8 25. h3 Re8 26. Bf2 f5 27. Nc3 (27. Nb6 $18 {and White stays clearly on top.} Rad8 28. Nxd7 Rxd7 29. Re1) 27... e5 (27... fxg4 $16 28. hxg4 Rad8) 28. Nd5 $18 Rac8 (28... a4 $142) 29. Nc7 Red8 30. Ne6 Re8 31. Nc7 Red8 32. Be6 fxg4 33. Bh4 (33. Bxg4 $6 h5 $18) 33... exf4 34. Bxd8 (34. hxg4 $6 Bxb2 35. Bxd8 Rxd8 $18) (34. Bxg4 Bxb2 35. Bxd8 Rxd8 $18) 34... Rxd8 35. Bxg4 ({Don't take} 35. hxg4 $6 Bd4+ 36. Kf1 Nxc5 $16) 35... Bxb2 36. Rc4 (36. Bxd7 $142 Rxd7 37. Rc4) 36... Ba3 $2 (36... Nce5 {was worth a try.} 37. Ne6 (37. Rxf4 Nxc5 38. Ne6 Nxe6 $16) 37... Nxc4 38. Nxd8 Nxc5) 37. Ne6 (37. Rxf4 Nxc5 38. Kg2 Bb4 $16) (37. Bxd7 $18 {and the rest is easy.} Rxd7 38. Ne6) 37... Re8 (37... Rg8 $16 38. Rxf4 (38. Nxf4 Bxc5+ 39. Kg2 Nce5 $18) 38... Bxc5+ 39. Kg2 Rb8) 38. Nxf4 Bxc5+ 39. Kg2 Nce5 (39... Ncb8 {might work better.} 40. Ne6 b6 41. Nxc5 bxc5) 40. Re4 {[%emt 0:06:59] Strongly threatening Bxd7. White is clearly winning.} Rf8 41. Ne6 Rf2+ 42. Kg3 Bb6 43. Nf4 {[%emt 0:06:22] Active counter play!} Rc2 44. Bxd7 Bf2+ 45. Kh2 Bh4+ 46. Ng2 Nxd7 47. Rxh4 {[%emt 0:49:25] Weighted Error Value: White=0.35/Black=0.54} 1-0

[Event "DVM U14 2021"]
[Site "Willingen"]
[Date "2022.08.16"]
[Round "7"]
[White "Fuhrmann, Bahne"]
[Black "Malinowsky, Levi"]
[Result "1/2-1/2"]
[ECO "A52"]
[WhiteElo "1973"]
[BlackElo "1814"]
[Annotator "TA"]
[PlyCount "71"]
[EventDate "2022.08.12"]
[EventType "team-tourn"]
[EventRounds "7"]
[EventCountry "GER"]
[SourceTitle "playchess.com"]
[Source "ChessBase"]
[SourceQuality "1"]
[TimeControl "40/5400+30:1800+30"]

1. d4 Nf6 2. c4 e5 3. dxe5 Ng4 4. Nf3 Nc6 5. Bg5 Be7 6. Bxe7 Qxe7 7. Nc3 Ncxe5 {[%emt 0:07:30] A52: Budapest Gambit.} 8. Nd5 Qd6 9. e3 {[%emt 0:03:53] White wants to play Nxe5.} c6 {[%emt 0:01:32] White has an edge.} 10. Nc3 Qxd1+ 11. Rxd1 Nxf3+ 12. gxf3 Nf6 13. Rg1 (13. Ne4 {is interesting.} Ke7 14. Nd6 Ne8 15. c5) 13... g6 {[%emt 0:06:15] [#]} 14. e4 $146 (14. Rg5 $14) ({Predecessor:} 14. Rg5 O-O 15. Bh3 Rd8 16. Ra5 Kf8 17. Ne4 Ne8 18. f4 f6 19. Ra3 b6 20. Nd6 Nxd6 21. Rxd6 {1-0 (27) Flear,G (2459)-Van de Wynkele,E (2074) Lille 2012}) 14... Nh5 15. Rd4 (15. Be2 {looks sharper.} Ke7 16. e5 f5 17. Rd4) 15... f6 16. c5 Nf4 (16... Ke7 {is more complex.} 17. Bc4 b6 18. b4 a5) 17. Bc4 Ne6 (17... b6 $11) 18. Bxe6 $16 {[%emt 0:02:11] 0x0.0020afddee17dp-1022s more active pieces. The black rooks are badly placed.} dxe6 19. Ke2 (19. f4 $16) 19... Ke7 {[%emt 0:02:37] The position is equal.} (19... e5 $5 20. Rd6 Ke7 $11) 20. f4 e5 21. fxe5 fxe5 22. Rd6 {[%emt 0:02:25] [#] And now Rg5 would win.} Be6 23. Ke3 Rad8 24. Rxd8 Rxd8 $11 {[%emt 0:00:43][%mdl 4096] Endgame KRB-KRN} 25. b3 {[%emt 0:01:24] Prevents Bc4.} Rf8 26. Ne2 a5 27. f4 exf4+ 28. Nxf4 Ra8 29. Rg5 {[%emt 0:03:23] [#] Hoping for Re5.} Kf6 {[%emt 0:02:14] Inhibits Re5.} 30. Nxe6 Kxe6 {[%emt 0:00:06] KR-KR} 31. a3 Rd8 32. Rg1 {[%emt 0:02:04] Against Rd1} Ke5 33. h4 Rg8 34. Rf1 Ke6 35. Rf4 h6 36. Rg4 {Weighted Error Value: White=0.10 (very precise) /Black=0.13 (very precise)} 1/2-1/2

[Event "DVM U14 2021"]
[Site "Willingen"]
[Date "2022.08.16"]
[Round "7"]
[White "Schwartz, Oliver"]
[Black "Helmbrecht, Paul"]
[Result "1/2-1/2"]
[ECO "D37"]
[WhiteElo "1872"]
[BlackElo "1661"]
[Annotator "NA RC"]
[PlyCount "61"]
[EventDate "2022.08.12"]
[EventType "team-tourn"]
[EventRounds "7"]
[EventCountry "GER"]
[SourceTitle "playchess.com"]
[Source "ChessBase"]
[SourceQuality "1"]
[TimeControl "40/5400+30:1800+30"]

1. d4 Nf6 2. c4 e6 3. Nf3 d5 4. Nc3 Be7 5. Bf4 c6 6. e3 Nh5 7. Bg3 Nxg3 8. hxg3 Nd7 9. Qc2 Nf6 (9... h6 $11) 10. cxd5 (10. Ne5 $14) 10... exd5 11. Bd3 h6 12. O-O-O Be6 (12... Bd6 $1 $15) 13. Kb1 Qa5 14. Ne2 c5 (14... Bd6 $11) 15. Nf4 Bg4 16. Rc1 c4 17. Bf5 Qb5 18. Ne5 Bxf5 19. Qxf5 Rf8 20. Nxc4 Qd7 21. Qxd7+ Kxd7 22. Ne5+ Kd6 (22... Kd8 $142 23. Nh5 Nxh5) 23. Rc2 g5 24. Nfd3 ({Not} 24. Rxh6 gxf4 25. gxf4 Rac8 $16) 24... h5 25. Rhc1 Bd8 26. Nc5 Rb8 27. Rc3 Bb6 28. Rb3 Bxc5 $16 29. Rxc5 Ne4 30. Rc2 f6 31. Nd3 1/2-1/2

[Event "DVM U14 2021"]
[Site "Willingen"]
[Date "2022.08.16"]
[Round "7"]
[White "Ehrig, Leon Chris"]
[Black "Reus, Nicholas"]
[Result "1/2-1/2"]
[ECO "B10"]
[WhiteElo "1832"]
[BlackElo "1663"]
[Annotator "NA RC"]
[PlyCount "69"]
[EventDate "2022.08.12"]
[EventType "team-tourn"]
[EventRounds "7"]
[EventCountry "GER"]
[SourceTitle "playchess.com"]
[Source "ChessBase"]
[SourceQuality "1"]
[TimeControl "40/5400+30:1800+30"]

1. e4 c6 2. d3 d5 3. Nf3 dxe4 4. Ng5 Nf6 5. Nc3 Bg4 6. Qd2 e6 ({Black should try} 6... exd3 $17 7. Bxd3 Nbd7) 7. Ngxe4 Be7 8. Qg5 Nxe4 9. Qxg4 Nxc3 10. bxc3 Bf6 11. Bd2 O-O 12. Be2 Nd7 13. Rb1 Nb6 (13... Qa5 $142) 14. O-O Qd7 15. f4 (15. a4 $11) 15... g6 (15... Na4 $15 {is superior.}) 16. Kh1 Bg7 17. Rf3 Nd5 18. Rb3 Rfe8 19. c4 f5 20. Qh4 Nb6 21. Rh3 Bh8 22. Rb1 Qe7 23. Qh6 e5 {[%emt 0:01:41] [#]} 24. fxe5 (24. g4 $1 $16 fxg4 25. Bxg4) 24... Bxe5 25. Bg5 (25. g4 $142 f4 26. Bf3) 25... Qg7 26. Qh4 {[%emt 0:05:32] [#]} Bxh2 $1 27. Kxh2 Rxe2 28. Kh1 (28. Kg1 $5 ) 28... Rae8 (28... Rxc2 $2 29. Bf6 g5 30. Bxg5 $18) 29. c5 Nd5 30. c4 Ne3 31. Bxe3 R2xe3 32. Rxe3 Rxe3 33. Qd8+ Qf8 34. Qxf8+ Kxf8 35. Rxb7 $11 1/2-1/2

[Event "DVM U14 2021"]
[Site "Willingen"]
[Date "2022.08.16"]
[Round "7"]
[White "Prinzen, Siri Marleen"]
[Black "Schoen, Florian"]
[Result "1/2-1/2"]
[ECO "D00"]
[WhiteElo "1801"]
[BlackElo "1688"]
[Annotator "NA RC"]
[PlyCount "109"]
[EventDate "2022.08.12"]
[EventType "team-tourn"]
[EventRounds "7"]
[EventCountry "GER"]
[SourceTitle "playchess.com"]
[Source "ChessBase"]
[SourceQuality "1"]
[TimeControl "40/5400+30:1800+30"]

1. d4 Nf6 2. Bf4 d5 3. e3 c5 4. Nc3 Nc6 5. Nb5 e5 6. dxe5 Ng4 $2 {[%emt 0:00:54] [#]} (6... a6 $16) 7. e6 $1 Nge5 (7... Qa5+ $2 8. c3 Bxe6 9. Nc7+ Kd7 10. Nxe6 fxe6 11. Qxg4 $18) 8. exf7+ Kxf7 9. Nf3 ({Weaker is} 9. Bxe5 Nxe5 10. Qh5+ Kf6 $18) 9... Ng6 10. Bg3 Be6 11. Nc7 Rc8 12. Nxe6 Kxe6 13. Bd3 Kf7 14. Bf5 Ra8 15. h4 Be7 16. h5 Nf8 17. c3 Bf6 18. Bh4 Ne7 19. Bxf6 gxf6 20. Bh3 Qb6 21. Qb3 Qxb3 22. axb3 Ne6 23. O-O-O b5 24. Bxe6+ Kxe6 25. Ng1 a5 26. Ne2 a4 27. Nf4+ Ke5 28. Kc2 (28. b4 $142) 28... axb3+ 29. Kxb3 Ra4 30. Ra1 Rha8 31. Rxa4 Rxa4 32. Kc2 Ra2 33. Kb1 Ra4 34. b3 Ra8 35. Kb2 Ra7 36. Nd3+ Kd6 37. Rh4 $16 f5 38. Rh3 Ra8 39. Nf4 Ke5 40. Rg3 Rg8 41. Rxg8 Nxg8 42. Kc2 Nf6 43. f3 Nd7 44. Kd3 Nf6 45. b4 cxb4 46. cxb4 Ne8 47. g3 Nf6 48. Kc3 Ne8 49. Nd3+ Kd6 50. Kd4 Nf6 51. Nf4 h6 52. Kd3 Kc6 53. Kc3 Kd7 54. g4 Kd6 55. Kd4 1/2-1/2

[Event "DVM U14 2021"]
[Site "Willingen"]
[Date "2022.08.16"]
[Round "7"]
[White "Braeutigam, Katerina"]
[Black "Krüger, Arthur"]
[Result "1/2-1/2"]
[ECO "C02"]
[WhiteElo "1781"]
[BlackElo "1996"]
[Annotator "NA RC"]
[PlyCount "76"]
[EventDate "2022.08.12"]
[EventType "team-tourn"]
[EventRounds "7"]
[EventCountry "GER"]
[SourceTitle "playchess.com"]
[Source "ChessBase"]
[SourceQuality "1"]
[TimeControl "40/5400+30:1800+30"]

1. e4 e6 2. d4 d5 3. e5 c5 4. c3 Nc6 5. Nf3 Bd7 6. a3 Nge7 7. Bd3 Qb6 8. Bc2 cxd4 9. cxd4 Nf5 10. Bxf5 exf5 11. O-O Be7 12. Nc3 Be6 13. b4 h6 14. Be3 g5 15. Na4 Qd8 16. Nc5 Bxc5 17. bxc5 f4 18. Bc1 Rg8 19. Ne1 Bf5 20. Qd2 (20. Bb2 $11) 20... h5 (20... Qa5 $15 21. Ra2 Qxd2 22. Rxd2 b6) 21. f3 Qd7 22. Ra2 (22. Bb2 $11 {is more appropriate.}) 22... Kf8 (22... b6 $15) 23. Nc2 ({White should try} 23. h4 $11) 23... Rg6 (23... h4 $1 $15) 24. Nb4 Na5 25. Qc3 Nc4 26. Rff2 Kg7 (26... h4 $17) 27. Nd3 (27. h4 $1 $11 {remains equal.}) 27... Rh8 (27... Bxd3 $17 28. Qxd3 h4) 28. h4 Bxd3 29. Qxd3 gxh4 30. Bxf4 Rg8 31. Kh2 Kh8 32. Rae2 Qe6 33. Rc2 b6 34. cxb6 axb6 35. Ra2 b5 $11 36. Rfe2 ({White should play} 36. Rf1 $16) 36... Ra8 37. Rf2 Rc8 38. Rfe2 Ra8 $11 1/2-1/2

[Event "DVM U14 2021"]
[Site "Willingen"]
[Date "2022.08.16"]
[Round "7"]
[White "Bongardt, Livius"]
[Black "Eichhorn, Valentin"]
[Result "1/2-1/2"]
[ECO "B48"]
[WhiteElo "1756"]
[BlackElo "1506"]
[Annotator "NA RC"]
[PlyCount "54"]
[EventDate "2022.08.12"]
[EventType "team-tourn"]
[EventRounds "7"]
[EventCountry "GER"]
[SourceTitle "playchess.com"]
[Source "ChessBase"]
[SourceQuality "1"]
[TimeControl "40/5400+30:1800+30"]

1. e4 c5 2. Nf3 e6 3. d4 cxd4 4. Nxd4 Nc6 5. Nc3 Qc7 6. a3 a6 7. Be3 Nf6 8. Nb3 Be7 9. h3 b5 10. Bd3 O-O 11. O-O Bb7 12. f4 Rfd8 13. Qf3 d5 14. exd5 Nxd5 15. Nxd5 Rxd5 16. Be4 Rdd8 17. Qf2 Qc8 18. c3 h6 19. Rad1 Rxd1 20. Rxd1 Na5 21. Bxb7 Nxb7 22. Nd4 Bc5 23. Qf3 Qc7 24. f5 exf5 25. Qxf5 Re8 26. Bf4 Bd6 27. Bxd6 Nxd6 1/2-1/2

[Event "DVM U14 2021"]
[Site "Willingen"]
[Date "2022.08.16"]
[Round "7"]
[White "Englert, Luca"]
[Black "Schwan, Aaron"]
[Result "0-1"]
[ECO "B41"]
[WhiteElo "1741"]
[BlackElo "1672"]
[Annotator "NA RC"]
[PlyCount "114"]
[EventDate "2022.08.12"]
[EventType "team-tourn"]
[EventRounds "7"]
[EventCountry "GER"]
[SourceTitle "playchess.com"]
[Source "ChessBase"]
[SourceQuality "1"]
[TimeControl "40/5400+30:1800+30"]

1. e4 c5 2. Nf3 e6 3. d4 cxd4 4. Nxd4 a6 5. c4 Qc7 6. Nc3 Nf6 7. Nc2 Be7 8. Be2 O-O 9. O-O d6 10. Be3 Nbd7 11. Qd2 b6 12. f3 Bb7 13. Bf2 Rfd8 14. Ne3 Rac8 15. Rfd1 Qb8 16. Rab1 Qa8 17. b4 Ne5 18. Na4 Nfd7 19. Qb2 h5 20. c5 dxc5 21. bxc5 b5 22. Nb6 Nxb6 23. cxb6 Bf6 24. Qb3 Nc6 25. a4 Nd4 26. Qa2 Rc2 27. Qxc2 Nxc2 28. Nxc2 bxa4 29. Rxd8+ Qxd8 30. Kf1 Qd2 31. Ne3 a3 32. Nc4 Qc3 33. Be1 a2 34. Rd1 a1=Q 35. Bxc3 Qxc3 36. Rd7 Bd4 37. g3 Bc6 38. Rc7 Qc1+ 39. Kg2 Qg1+ 40. Kh3 Bxe4 41. fxe4 Bxb6 42. Rc8+ Kh7 43. Bxh5 Qf1+ 44. Kh4 Bd8+ 45. Rxd8 Qf6+ 46. Kg4 Qxd8 47. Bxf7 Qd1+ 48. Kh4 g5+ 49. Kxg5 Qc1+ 50. Kf6 Qxc4 51. Bxe6 Qf1+ 52. Bf5+ Kg8 53. g4 Qh3 54. g5 Qxh2 55. e5 Qh8+ 56. Ke6 Qg7 57. g6 Kf8 0-1

[Event "DVM U14 2021"]
[Site "Willingen"]
[Date "2022.08.16"]
[Round "7"]
[White "Tomasjan, Samuel"]
[Black "Hoffmann, Kay"]
[Result "1/2-1/2"]
[ECO "B01"]
[WhiteElo "1741"]
[BlackElo "1653"]
[Annotator "NA RC"]
[PlyCount "62"]
[EventDate "2022.08.12"]
[EventType "team-tourn"]
[EventRounds "7"]
[EventCountry "GER"]
[SourceTitle "playchess.com"]
[Source "ChessBase"]
[SourceQuality "1"]
[TimeControl "40/5400+30:1800+30"]

1. e4 d5 2. exd5 Qxd5 3. Nc3 Qd6 4. Bc4 Nf6 5. d3 a6 6. Nge2 e6 7. Bf4 Qd8 8. O-O Bd6 9. Bg3 O-O 10. Re1 b5 11. Bb3 Bb7 12. Qd2 Nbd7 13. Rad1 Nc5 14. f3 Nxb3 15. axb3 Bxg3 16. Nxg3 c5 17. Kh1 Qc7 18. Qg5 Rfe8 19. Nce4 Bxe4 20. fxe4 h6 21. Qd2 Rad8 22. Rf1 Qe5 23. c3 c4 24. bxc4 bxc4 25. Qe2 cxd3 26. Rxd3 Qg5 27. Rd4 Ng4 28. Qxa6 Qh4 29. h3 Qxg3 30. hxg4 Qxg4 31. Qd3 Qh4+ 1/2-1/2